AoeStats
← с упругой

Pilgrims

509879406Analyzed
4v4 RM · 5d ago on Sep 28, 2026· 28m 51s· 8 players
Game mode
Random Map
Map size
Large (8 player)
Population
200
Speed
Normal
Resources
Standard
Victory
Conquest
Starting age
Dark Age
Ending age
Imperial Age
RankedLock teamsTeams togetherTeam positionsShared explorationLock speedFull tech treeHidden civsTurbo modeCheats
Victory
Defeat
🇹🇼 Persians · Taiwan
1711
+9
1674
+10
🇹🇼 Japanese · Taiwan
1553
+14
🇦🇷 Danes · Argentina
1517
+16
🇭🇰 Varangians · Hong Kong SAR China
1541
-13
🇷🇺 Magyars · Russia
1533
-12
🇹🇼 Huns · Taiwan
1516
-12
🇨🇳 Lithuanians · China
1514
-12
с упругой
6:26 Loom
12:23 Feudal Age
17:42 Castle Age
16:07 Fletching
17:08 Double-Bit Axe
18:47 Wheelbarrow
18:18 Bodkin Arrow
24:42 Horse Collar
28:28 Thumb Ring
28:27 Padded Archer Armor
只会种田
9:12 Loom
13:22 Feudal Age
19:21 Castle Age
20:39 Fletching
20:40 Double-Bit Axe
1165498765132
8:21 Loom
11:19 Feudal Age
12:36 Double-Bit Axe
15:26 Castle Age
13:44 Scale Barding Armor
13:52 Bloodlines
14:56 Fletching
16:05 Bodkin Arrow
16:35 Husbandry
23:35 Horse Collar
26:39 Ballistics
27:26 Wheelbarrow
Yan
7:49 Loom
11:07 Feudal Age
11:16 Man-at-Arms
11:52 Town Watch
11:49 Fishing Lines
15:20 Double-Bit Axe
25:12 Castle Age
23:05 Horse Collar
26:07 Medium Warships
26:12 Fletching
26:40 Bow Saw
28:03 Fletching
28:44 Medium Warships
默默默默默
12:12 Feudal Age
13:07 Double-Bit Axe
14:38 Gold Mining
17:15 Castle Age
16:10 Fishing Lines
18:43 Medium Warships
18:24 Gillnets
19:15 Wheelbarrow
18:27 Loom
19:13 Town Watch
25:49 Wheelbarrow
26:13 Fletching
31:44 Imperial Age
Kevin10_7414
11:53 Feudal Age
12:28 Double-Bit Axe
12:55 Town Watch
15:08 Forging
18:03 Castle Age
18:51 Medium Warships
18:54 Loom
19:34 Bow Saw
19:17 Fishing Lines
19:55 Scale Barding Armor
20:42 Gillnets
21:34 Chain Barding Armor
21:19 Town Patrol
22:20 Bloodlines
22:28 Husbandry
26:07 Iron Casting
26:10 Horse Collar
Kevin的下分小幫手
6:28 Loom
10:42 Feudal Age
12:01 Town Watch
15:00 Castle Age
13:29 Fletching
14:20 Double-Bit Axe
15:22 Stone Mining
16:10 Fishing Lines
27:24 Wheelbarrow
29:42 Imperial Age
27:53 Gillnets
波斯小象
6:08 Loom
13:43 Feudal Age
17:50 Castle Age
17:37 Double-Bit Axe
19:42 Bow Saw
24:40 Fishing Lines
28:10 Imperial Age
28:49 Fletching
Connection lost

Rejoining the realm…

Still unreachable

The connection could not be restored.

Session expired

The server has moved on; the page needs a fresh start.